r e k t, neutral male scurrid Tourist -------- -@.....| +..Y....| |........ ........| --<.....| -------- r e k t the Rambler Experience level: 1 Strength: 9 Dexterity: 10 Constitution: 14 Intelligence: 14 Wisdom: 12 Charisma: 16 Health: 0(9) Energy: 2(2) Def: 0 Gold: 777 Moves: 50 Dungeon seed: w3Ib2LeW2C4jjNEv Game ID: r e k t_1498625588 Your Inventory: Coins $ - 777 gold pieces Weapons a - 52 uncursed +2 darts (in quiver) Armor e - an uncursed +0 Hawaiian shirt (being worn) Comestibles b - an uncursed tin of newt meat c - 2 uncursed eggs d - 3 uncursed tripe rations f - an uncursed clove of garlic g - an uncursed pancake h - an uncursed fortune cookie i - an uncursed food ration Scrolls l - 3 uncursed scrolls of magic mapping m - a blessed scroll of magic mapping Potions j - a blessed potion of extra healing k - an uncursed potion of extra healing Wands p - an uncursed wand of secret door detection (0:13) Tools n - an uncursed expensive camera (0:93) o - an uncursed credit card q - an uncursed towel Spells and supernatural/magical abilities: Name Level Category Fail Memory W - pray for help -- divine ? -- Your skills at the end: Miscellaneous Skills wands [Basic] Weapon Skills dart [Basic] Spellcasting Skills Final Attributes: You were devoutly aligned. You had infravision. You were very stealthy. You are dead. Voluntary challenges: You went without food. You did not adorn yourself with jewelry or accessories. You did not cause conflict. You were not invisible. You did not have reflection. You were not displaced. You were an atheist. You never hit with a wielded weapon. You were a pacifist. You did not use tools. You did not use plumbed fixtures. You did not drink any magical draughts. You were illiterate. You never genocided any monsters. You never polymorphed an object. You never changed form. You used no wishes. You never split a pudding. You never wrote Elbereth's name. You never violated your personal moral code. Dungeon overview: The Dungeons of Doom: levels 1 to 12 Level 1 a long staircase Level 2 Level 3 a sink Level 4 a fountain Level 5 Level 6 Level 7 Level 8 Level 9 a sink Level 10 Level 11 Level 12 <- You were here History has recorded: On T:1 you entered the Dungeons of Doom to retrieve the Amulet of Yendor! On T:25 you reached level 2 of The Dungeons of Doom. On T:28 you reached level 3 of The Dungeons of Doom. On T:30 you reached level 4 of The Dungeons of Doom. On T:32 you reached level 5 of The Dungeons of Doom. On T:34 you reached level 6 of The Dungeons of Doom. On T:37 you reached level 7 of The Dungeons of Doom. On T:39 you reached level 8 of The Dungeons of Doom. On T:41 you reached level 9 of The Dungeons of Doom. On T:43 you reached level 10 of The Dungeons of Doom. On T:47 you reached level 11 of The Dungeons of Doom. On T:49 you reached level 12 of The Dungeons of Doom. Score breakdown: Gold: 0 ( 0 points) Experience: 1 level ( 0 points) Exploration: 12 levels ( 330 points) Discoveries: 0 items ( 0 points) Variety of kills: 0 monsters ( 0 points) Major goal: (nothing yet) ( 0 points) Survival: died (score multiplied by 3) Total score: 990 Latest messages: You fall through... That command is only available in debug mode. You have no weapon equipped. You start digging downward. You continue digging downward. You dig a pit in the floor. You continue digging downward. You dig a hole through the floor. You fall through... You receive a faint telepathic message from Twoflower: Your help is urgently needed at Ankh-Morpork! Look for a ...ic transporter. You couldn't quite make out that last message. You start digging downward. You continue digging downward. You dig a pit in the floor. You continue digging downward. You dig a hole through the floor. You fall through... You start digging downward. The owlbear claws you! (2x) You die... Final status: Aloha r e k t the Tourist, killed by an owlbear... You died in The Dungeons of Doom on dungeon level 12 with 990 points, and 777 pieces of gold, after 50 moves. You were level 1 with a maximum of 9 hit points when you died.